 Dungeon Crawl Stone Soup version 0.20.1-1-g8b1a95d (webtiles) character file.

145 veneficus the Poker (level 5, -3/38 HPs)
             Began as a Merfolk Skald on Nov 2, 2017.
             Engulfed by an orc wizard's steam (11 damage)
             ... on level 4 of the Dungeon.
             The game lasted 00:07:23 (4768 turns).

veneficus the Poker (Merfolk Skald)                 Turns: 4768, Time: 00:07:23

Health: -3/38      AC:  3    Str: 11    XL:     5   Next: 27%
Magic:  1/9        EV: 14    Int: 13    God:
Gold:   86         SH:  5    Dex: 14    Spells: 1/9 levels left

rFire    . . .     SeeInvis +   a - +0 spear
rCold    . . .     Gourm    .   s - +2 buckler
rNeg     . . .     Faith    .   b - +0 leather armour
rPois    .         Spirit   .   (no helmet)
rElec    .         Reflect  .   (no cloak)
rCorr    .         Harm     .   (no gloves)
MR       .....                  (boots currently unavailable)
Stlth    ++........             (no amulet)
Regen    0.2/turn               p - ring of see invisible
MPRegen  0.2/turn               (no ring)

@: infused (expiring), very quick
A: change form in water, swift swim, stealthy swim
a: no special abilities


You were on level 4 of the Dungeon.
You were not hungry.

You visited 1 branch of the dungeon, and saw 4 of its levels.

You collected 86 gold pieces.

Inventory:

Hand Weapons
 a - a +0 spear (weapon)
Armour
 b - a +0 leather armour (worn)
 s - a +2 buckler (worn)
Jewellery
 p - a ring of see invisible (left hand)
Wands
 o - a wand of confusion (31/48)
Scrolls
 j - 2 scrolls of identify {unknown}
 m - a scroll of enchant weapon {unknown}
 n - a scroll of fog {unknown}
 r - a scroll of remove curse {unknown}
Potions
 e - a potion of magic {unknown}
 f - a potion of curing {unknown}
 h - 2 potions of might {unknown}
 k - a potion of heal wounds {unknown}
 q - 2 potions of haste {unknown}
Books
 c - a book of Battle

   Spells                             Type                      Level
   a - Infusion                       Charms                       1
   b - Shroud of Golubria             Charms/Translocation         2
   c - Song of Slaying                Charms                       2
   d - Spectral Weapon                Hexes/Charms                 3
   e - Regeneration                   Charms/Necromancy            3
Comestibles
 d - 4 bread rations
 g - 2 royal jellies
 i - 4 meat rations


   Skills:
 - Level 2.1 Fighting
 * Level 6.3 Polearms
 - Level 0.6 Armour
 - Level 2.6 Dodging
 + Level 2.6 Spellcasting
 + Level 4.1 Charms


You had one spell level left.
You knew the following spells:

 Your Spells              Type           Power        Failure   Level  Hunger
a - Infusion              Chrm           ##..         10%         1    #......
b - Song of Slaying       Chrm           ##......     14%         2    ###....
c - Shroud of Golubria    Chrm/Tloc      #.........   34%         2    ###....
d - Regeneration          Chrm/Necr      #.........   56%         3    ###....


Dungeon Overview and Level Annotations

Branches:
Dungeon (4/15)
 Temple: D:4-7

Altars:
Cheibriados
Sif Muna
Xom


Message History

You take 3 damage, and have 12/38 hp.
Spoiler Alert: The orc wizard (invisible) might cast Slow, Confuse, Throw Flame, or Throw Frost!
You completely miss the orc wizard. The orc wizard hits you with a dagger.
* * * LOW HITPOINT WARNING * * *
You take 1 damage, and have 11/38 hp.
Spoiler Alert: The orc wizard (invisible) might cast Slow, Confuse, Throw Flame, or Throw Frost!
You hit the orc wizard but do no damage.
Spoiler Alert: The orc wizard (invisible) might cast Slow, Confuse, Throw Flame, or Throw Frost!
You hit the orc wizard. The orc wizard closely misses you.
You now have 0/9 mp.
Spoiler Alert: The orc wizard (invisible) might cast Slow, Confuse, Throw Flame, or Throw Frost!
You miss the orc wizard. You tail-slap the orc wizard.
The orc wizard points at you and mumbles some strange words.
The puff of flame hits you!
* * * LOW HITPOINT WARNING * * *
You take 3 damage, and have 8/38 hp.
Spoiler Alert: The orc wizard (invisible) might cast Slow, Confuse, Throw Flame, or Throw Frost!
You closely miss the orc wizard.
You are engulfed in a cloud of scalding steam.
You die...

#......# #......#
#......# #......#
####......+
######..##.....#
#.≈..#8..#.....#
#o@..'._.......#
#.≈..#8..#.....#
######..##.....#
#########......#
###'#.....#......#
#<..#.....#......#
#...#.....#..<...+
#...#.....#.(....#
#..O#.....#......#


You could see an orc wizard (invisible).

Vanquished Creatures
  An orc wizard (D:4)
  3 adders
  An ooze (D:3)
  3 worms
  2 dart slugs
  6 leopard geckos
  An orc (D:3)
  11 bats
  5 giant cockroaches
  9 goblins
  6 hobgoblins
  7 kobolds
  2 quokkas (D:2)
  4 frilled lizards
  9 rats
70 creatures vanquished.

Vanquished Creatures (others)
  A frilled lizard (D:2)
1 creature vanquished.

Grand Total: 71 creatures vanquished

Notes
Turn   | Place    | Note
-------+----------+-------------------------------------------
     0 | D:1      | veneficus the Merfolk Skald began the quest for the Orb.
     0 | D:1      | Reached XP level 1. HP: 16/16 MP: 3/3
   106 | D:1      | Reached XP level 2. HP: 15/22 MP: 5/5
   443 | D:1      | Reached skill level 4 in Polearms
   817 | D:1      | Reached XP level 3. HP: 19/27 MP: 0/6
  1498 | D:2      | Found a shimmering altar of Xom.
  1822 | D:2      | Learned a level 2 spell: Song of Slaying
  1825 | D:2      | Learned a level 2 spell: Shroud of Golubria
  1897 | D:2      | Reached skill level 5 in Polearms
  2202 | D:2      | Found a faded altar of an unknown god.
  2235 | D:2      | Reached XP level 4. HP: 33/33 MP: 7/7
  2868 | D:3      | Found a snail-covered altar of Cheibriados.
  3679 | D:3      | Reached XP level 5. HP: 26/38 MP: 3/8
  4139 | D:3      | Learned a level 3 spell: Regeneration
  4394 | D:4      | Noticed an ogre
  4734 | D:4      | Found a deep blue altar of Sif Muna.
  4756 | D:4      | Reached skill level 6 in Polearms
  4768 | D:4      | Engulfed by an orc wizard's steam

Skill      XL: |  1  2  3  4  5 |
---------------+----------------+-----
Polearms       | 4 5 6 |  6.3
Charms         | 4 |  4.1
Fighting       | |  2.1
Armour         | |  0.6
Dodging        | |  2.6
Spellcasting   | |  2.6

Action                   |  1- 3 |  4- 6 || total
-------------------------+-------+-------++-------
Melee: Spear             |   162 |   125 ||   287
       Tailslap          |       |     3 ||     3
 Cast: Infusion          |    10 |     6 ||    16
 Stab: Sleeping          |       |     1 ||     1
  Eat: Chunk             |     4 |     8 ||    12
Armor: Leather armour    |    31 |    14 ||    45
Dodge: Dodged            |    79 |    47 ||   126
Block: Buckler           |       |     4 ||     4
